Cogmind - Beta 17 @@@ ROGUE MODE // 2026.07.07 @ 08:08:25 // Winter2019/RPGLIKE Player: Gallgagger Result: Destroyed by B-60 Warrior with Heavy Mace Performance ------------- Evolutions (5) 2500 Regions Visited (15) 3000 Robots Destroyed (722) 3610 Value Destroyed (32727) 32727 Prototype IDs (35) 700 Alien Tech Used (0) 0 Bonus (28445) 28445 TOTAL SCORE: 70982 Bonus ------- Triggered High Security 1000 High Alert Combat Kills 12156 Follower Combat Kills 1715 Forged Quantum Companion 1000 Registered with UFD 300 Met Optimus in HQ 500 Met Warlord at Base 500 MAIN.C Attacked Warlord 500 Warlord Defense Kills 11010 Friendly Fire -236 Cogmind --------- Core Integrity 0/1350 Matter 300/300 Energy 350/350 System Corruption 4% Temperature Cool (0) Movement Flying (35) Location -5/Warlord Parts ------- > --- POWER (1) -------- Improved Quantum Reactor > --- PROPULSION (5) --- Electron Diverter Impulse Thruster Array Impulse Thruster Array > --- UTILITY (13) ----- Deep Structural Scanner Advanced Melee Analysis Suite Advanced Melee Analysis Suite Advanced Melee Analysis Suite Experimental Melee Analysis Suite Experimental Melee Analysis Suite Experimental Core Analyzer Microactuators Microactuators Force Booster Thermal Barrier > --- WEAPON (1) ------- Quantum Companion > --- INVENTORY (3) ---- Gravity Neutralizer Experimental Signal Interpreter Experimental Melee Analysis Suite Peak State ------------ > --- POWER ------------ Improved Quantum Reactor > --- PROPULSION ------- Electron Diverter Impulse Thruster Array Impulse Thruster Array > --- UTILITY ---------- Experimental Signal Interpreter Advanced Melee Analysis Suite Advanced Melee Analysis Suite Advanced Melee Analysis Suite Advanced Melee Analysis Suite Experimental Melee Analysis Suite Experimental Core Analyzer Improved Armor Integrity Analyzer Microactuators Microactuators Force Booster Experimental Reaction Control System Thermal Barrier > --- WEAPON ----------- Quantum Companion > --- INVENTORY -------- Gravity Neutralizer Experimental Signal Interpreter Experimental Melee Analysis Suite [Rating: 151] Favorites ----------- Power Enhanced Nuclear Core Engine Light Ion Engine Power Core Enhanced Nuclear Core Reactor Improved Quantum Reactor Propulsion Surge Thruster Flight Unit Surge Thruster Utility Improved Melee Analysis Suite Device Microactuators Processor Improved Melee Analysis Suite Protection Power Shielding Weapon Quantum Companion Energy Gun Particle Gun Ballistic Gun Assault Rifle Impact Weapon Maul Slashing Weapon Quantum Companion Piercing Weapon Makeshift Spear Build | -11 -10 -10 -9 -9 -8 -7 -7 -7 -7 -5 -5 -5 -5 -5 -5 ------- Run | Yrd Mat Min Mat Min Mat Fac Sto Rec Scr Fac Was Fac Upp Upp War Slots Evolved 16 | 4 2 1 1 . 4 1 . 1 . . . 1 . . 1 Power . | . . . . . . . . . . . . . . . . Propulsion 4 | 2 . . . . 2 . . . . . . . . . . Utility 12 | 2 2 1 1 . 2 1 . 1 . . . 1 . . 1 Weapon . | . . . . . . . . . . . . . . . . Parts Attached 108 | 4 8 3 9 2 13 16 7 2 9 . 2 17 . . 16 Power 9 | 1 1 . . . 1 2 2 . . . . 1 . . 1 Engine 3 | 1 . . . . . 1 1 . . . . . . . . Core 5 | . 1 . . . 1 1 1 . . . . 1 . . . Reactor 1 | . . . . . . . . . . . . . . . 1 Propulsion 20 | . 3 . . . 5 1 1 . 2 . 1 4 . . 3 Treads . | . . . . . . . . . . . . . . . . Leg . | . . . . . . . . . . . . . . . . Wheel . | . . . . . . . . . . . . . . . . Hover . | . . . . . . . . . . . . . . . . Flight 20 | . 3 . . . 5 1 1 . 2 . 1 4 . . 3 Utility 71 | 2 4 3 5 1 7 12 4 2 6 . 1 12 . . 12 Device 33 | 2 3 . 2 . 2 7 . 1 3 . 1 7 . . 5 Storage . | . . . . . . . . . . . . . . . . Processor 23 | . 1 . 1 . 2 5 2 . . . . 5 . . 7 Hackware . | . . . . . . . . . . . . . . . . Protection 15 | . . 3 2 1 3 . 2 1 3 . . . . . . Artifact . | . . . . . . . . . . . . . . . . Weapon 8 | 1 . . 4 1 . 1 . . 1 . . . . . . Energy Gun 3 | . . . 3 . . . . . . . . . . . . Energy Cannon . | . . . . . . . . . . . . . . . . Ballistic Gun 1 | 1 . . . . . . . . . . . . . . . Ballistic Cannon . | . . . . . . . . . . . . . . . . Launcher . | . . . . . . . . . . . . . . . . Special Weapon . | . . . . . . . . . . . . . . . . Impact Weapon 1 | . . . 1 . . . . . . . . . . . . Slashing Weapon 2 | . . . . . . 1 . . 1 . . . . . . Piercing Weapon 1 | . . . . 1 . . . . . . . . . . . Special Melee Weapon . | . . . . . . . . . . . . . . . . Unidentified Prototypes 26 | . . . 1 . 2 4 4 . 1 . . 5 . . 9 Parts Lost 14 | . . . 2 . 2 . 1 . 5 . . 1 . . 3 Power . | . . . . . . . . . . . . . . . . Propulsion 4 | . . . . . 1 . . . 2 . . 1 . . . Utility 10 | . . . 2 . 1 . 1 . 3 . . . . . 3 Weapon . | . . . . . . . . . . . . . . . . Highest Loss Streak 1 | . . . 1 . 1 . 1 . 1 . . 1 . . 1 To Critical Strikes 1 | . . . . . . . . . . . . 1 . . . Average Backups 1 | . . . . 1 . . 1 1 1 1 1 2 3 3 3 Power . | . . . . . . . . . . . . . . . . Propulsion . | . . . . . . . . . . . . . . . . Utility 1 | . . . . 1 . . 1 1 1 1 1 2 3 3 3 Weapon . | . . . . . . . . . . . . . . . . Tool/Special . | . . . . . . . . . . . . . . . . Unused Backups 2 | . . . . . . . . . . . . . . . 2 Power . | . . . . . . . . . . . . . . . . Propulsion . | . . . . . . . . . . . . . . . . Utility 2 | . . . . . . . . . . . . . . . 2 Weapon . | . . . . . . . . . . . . . . . . Tool/Special . | . . . . . . . . . . . . . . . . Average Slot Usage (%) 94 | . 92 100 97 100 99 98 99 99 95 88 94 88 84 84 87 Core 5 | . 8 9 8 8 6 4 4 5 5 5 5 5 5 5 2 Flight 23 | . 32 28 25 25 28 29 29 27 25 22 23 15 10 10 14 Device 26 | . 25 31 15 16 19 27 34 29 31 27 31 25 26 26 27 Processor 22 | . 9 9 15 12 9 14 17 22 22 22 22 36 36 36 34 Protection 7 | . . 10 23 28 25 13 5 6 4 5 5 . . . . Ballistic Gun 1 | . 11 9 . . . . . . . . . . . . . Slashing Weapon 3 | . . . . . . . 4 5 5 5 5 5 5 5 5 Peak Build Rating 151 | 6 16 16 17 19 45 66 70 69 79 67 81 110 104 104 151 Average Rating 66 | 3 11 14 16 17 35 52 66 67 70 67 75 100 104 104 133 On Entrance 52 | . 6 16 13 17 19 45 66 66 69 67 67 81 104 104 104 Avg Prop Armor Cover (%) 5 | . . . . . . 4 4 . 6 . . 7 . . 6 Naked Turns . | . . . . . . . . . . . . . . . . Heaviest Build 36 | 7 11 14 22 19 26 35 35 36 36 26 29 29 28 28 32 Greatest Support 50 | 8 17 22 22 22 29 42 41 43 41 32 38 43 36 36 50 Greatest Overweight (x) 1 | 1 . . . . . . . 1 . . . . . . . Average Overweight (x) . | . . . . . . . . . . . . . . . . Largest Inventory Capacity 3 | . 1 1 1 1 2 3 3 3 3 3 3 3 3 3 3 Average Capacity 2 | . . 1 1 1 1 2 3 3 3 3 3 3 3 3 3 Most Carried 3 | . 1 1 1 1 2 3 3 3 3 1 1 3 3 3 3 Average Carried 2 | . . . . 1 1 2 2 2 2 1 1 2 3 3 3 Final Capacity 3 | . 1 1 1 1 2 3 3 3 3 3 3 3 3 3 3 Final Carried 3 | . 1 . 1 1 2 2 1 3 1 1 1 3 3 3 3 Class Distribution -------------------- 35% | Scavenger-Sprinter 21% | Scavenger-Mutant 16% | Sprinter 16% | Mutant 8% | Commander-Sprinter Dominant Class ---------------- Scavenger-Mutant | -10/Materials Scavenger-Mutant | -10/Mines Scavenger-Mutant | -9/Materials Scavenger-Mutant | -9/Mines Scavenger-Sprinter | -8/Materials Scavenger-Sprinter | -7/Factory Scavenger-Sprinter | -7/Storage Scavenger-Sprinter | -7/Recycling Scavenger-Sprinter | -7/Scraptown Scavenger-Sprinter | -5/Factory Scavenger-Sprinter | -5/Waste Sprinter | -5/Factory Mutant | -5/Upper Caves Mutant | -5/Upper Caves Mutant | -5/Warlord Resources | -11 -10 -10 -9 -9 -8 -7 -7 -7 -7 -5 -5 -5 -5 -5 -5 ----------- Run | Yrd Mat Min Mat Min Mat Fac Sto Rec Scr Fac Was Fac Upp Upp War Matter Collected 4096 | 264 567 176 90 10 175 170 110 34 1790 . 20 389 29 15 257 Remotely 231 | . 15 176 40 . . . . . . . . . . . . Salvage Created 31717 | 80 961 486 1797 136 2931 1731 4628 296 6511 18 . 5397 758 816 5171 Parts 1647 | 3 74 26 69 7 173 153 264 19 302 1 . 270 48 32 206 Haulers Intercepted 16 | . . . 6 . . 3 5 . . . . 2 . . . Recyclers Shooed 2 | 1 1 . . . . . . . . . . . . . . Parts Field Recycled . | . . . . . . . . . . . . . . . . Retrieved Matter . | . . . . . . . . . . . . . . . . Parts Self-Destructed 84 | . . . . . . . . . 7 . . . 46 31 . Prevented 4 | . . . . . . . . . . . . . . 4 . Parts Restored . | . . . . . . . . . . . . . . . . Kills | -11 -10 -10 -9 -9 -8 -7 -7 -7 -7 -5 -5 -5 -5 -5 -5 ------- Run | Yrd Mat Min Mat Min Mat Fac Sto Rec Scr Fac Was Fac Upp Upp War Combat Hostiles Destroyed 705 | . 34 9 55 6 58 51 101 10 137 . . 109 18 18 99 Melee 585 | . . . 20 5 58 51 101 10 128 . . 104 16 16 76 Guns 54 | . 34 9 11 . . . . . . . . . . . . Cannons 20 | . . . . . . . . . . . . 2 . 1 17 AOE 1 | . . . . . . . . . . . . . . . 1 Classes Destroyed 32 | 2 2 1 3 1 6 3 1 1 7 . . 2 . . 3 Worker 7 | . . . 3 . 1 2 . . . 1 . . . . . Builder 1 | . . . . . 1 . . . . . . . . . . Tunneler 2 | 1 . . . 1 . . . . . . . . . . . Hauler 16 | . . . 6 . . 3 5 . . . . 2 . . . Recycler 4 | 1 1 . . . 1 . . 1 . . . . . . . Mechanic 3 | . . . . . . . 1 . . . . . . . 2 Operator 4 | . . . . . . 2 2 . . . . . . . . Turret 1 | . . . . . . . . . 1 . . . . . . Watcher 5 | . . . . . 1 . 1 . . . . 3 . . . Swarmer 85 | . 4 . 12 3 . 13 4 . . . . 25 9 5 10 Cutter 8 | . . . . . 6 2 . . . . . . . . . Saboteur 3 | . . . . . . . . . . . . 2 . . 1 Grunt 274 | . 30 7 32 2 39 13 47 2 . . . 38 5 11 48 Brawler 11 | . . . 1 . . . 3 . . . . 2 . . 5 Duelist 16 | . . . . 1 1 3 3 . . . . 4 . 1 3 Protector 16 | . . . . . 1 2 7 1 . . . 3 . . 2 Sentry 56 | . . 2 10 . 9 7 11 4 . . . 12 . 1 . Demolisher 1 | . . . . . . . . 1 . . . . . . . Specialist 5 | . . . . . . 1 . . . . . 2 . . 2 Hunter 33 | . . . . . 1 2 18 . . . . 6 2 . 4 Programmer 37 | . . . . . . 7 8 2 . . . 14 . . 6 Heavy 2 | . . . . . 1 1 . . . . . . . . . Behemoth 2 | . . . . . . . . . . . . 1 1 . . Striker 7 | . . . . . . . . . . . . . . . 7 Executioner 3 | . . . . . . . . . . . . . . . 3 Federalist 14 | . . . . . . . . . 14 . . . . . . Explorer 8 | . . . . . . . . . 8 . . . . . . Ranger 10 | . . . . . . . . . 10 . . . . . . Guru 11 | . . . . . . . . . 11 . . . . . . Scrapper 87 | . . . . . . . . . 87 . . . . . . Thug 6 | . . . . . . . . . 3 . . . . . 3 Bouncer 2 | . . . . . . . . . . . . . . . 2 Martyr 1 | . . . . . . . . . . . . . . . 1 Mutant 6 | . . . . . . . . . 4 . . . 1 . 1 Knight 2 | . . . . . . . . . . . . . . . 2 Best Kill Streak 22 | 2 5 4 6 3 7 8 22 7 13 1 . 15 5 7 12 Combat Bots Only 22 | . 5 4 6 3 7 7 22 6 13 . . 15 5 7 12 Max Kills in Single Turn 3 | 1 1 1 1 1 1 1 1 1 2 1 . 2 2 2 3 Gunslinging . | . . . . . . . . . . . . . . . . Exploded 1 | . . . . . . . . . . . . . . . 1 Melee 2 | . . . 1 1 1 1 1 1 1 . . 2 2 2 2 Uniques/NPCs Destroyed . | . . . . . . . . . . . . . . . . Combat | -11 -10 -10 -9 -9 -8 -7 -7 -7 -7 -5 -5 -5 -5 -5 -5 -------- Run | Yrd Mat Min Mat Min Mat Fac Sto Rec Scr Fac Was Fac Upp Upp War Hostile Shots Fired 3003 | . 186 46 194 16 172 273 382 46 729 . . 473 44 31 411 Missed 1425 | . 62 19 78 5 80 141 184 22 293 . . 261 23 18 239 Deflected 15 | . . . . . . . . . . . . 1 2 1 11 Hits 1578 | . 124 27 116 11 92 132 198 24 436 . . 212 21 13 172 Melee 67 | . . . . . 14 4 7 . 19 . . 5 . 1 17 Projectile 1511 | . 124 27 116 11 78 128 191 24 417 . . 207 21 12 155 AOE 10 | . . . . . 3 1 . . . . . 3 . . 3 Critical Strikes 65 | . . 1 5 . 6 3 7 . 24 . . 12 . 1 6 Actively Blocked 1 | . . . . . 1 . . . . . . . . . . Part Disruptions 14 | . . . . . . . . . 1 . . 8 . . 5 Damage Taken 26240 | . 1387 397 1186 78 1400 1946 2498 185 7540 . 52 4692 425 243 4211 Core 19884 | . 1126 339 739 51 855 1223 1773 123 5623 . 30 3874 361 215 3552 Absorbed by Shields 1078 | . . . 208 32 483 128 . . 219 . . 8 . . . Redirected to Core 14073 | . 788 194 507 22 473 973 1444 115 4025 . 30 2788 228 100 2386 Redirected to Shielding 411 | . . . 97 5 188 121 . . . . . . . . . Ignored by Resistances 1040 | . . . . . . . 159 21 111 . . . . . 749 Regen/Repaired (Parts) 14 | . . . . . 6 . 6 . . . 1 1 . . . Core Remaining (%) 86 | 100 . 73 . 100 100 . . . 60 . . . . . . Volleys Fired 256 | 8 157 46 45 . . . . . . . . . . . . Largest 1 | 1 1 1 1 . . . . . . . . . . . . Hottest 65 | 20 20 20 65 . . . . . . . . . . . . Shots Fired 256 | 8 157 46 45 . . . . . . . . . . . . Gun 256 | 8 157 46 45 . . . . . . . . . . . . Cannon . | . . . . . . . . . . . . . . . . Launcher . | . . . . . . . . . . . . . . . . Special . | . . . . . . . . . . . . . . . . Kinetic 211 | 8 157 46 . . . . . . . . . . . . . Thermal 45 | . . . 45 . . . . . . . . . . . . Explosive . | . . . . . . . . . . . . . . . . Electromagnetic . | . . . . . . . . . . . . . . . . Robot Hit Streak 30 | 6 21 30 10 . . . . . . . . . . . . Robot Miss Streak 3 | 1 2 1 3 . . . . . . . . . . . . Penetration Max . | . . . . . . . . . . . . . . . . Secondary Targets . | . . . . . . . . . . . . . . . . Autonomous 35 | . . . . . . . . . . . . 7 1 1 26 Shots Hit Robots 1727 | 6 134 42 138 14 143 149 244 23 322 2 . 266 37 30 177 Core Hits 751 | 3 61 20 25 4 67 70 117 9 132 1 . 109 19 17 97 Critical Kills 3 | . . . 3 . . . . . . . . . . . . Critical Parts Destroyed 30 | . 1 . 28 1 . . . . . . . . . . . Critical Strikes 114 | . 1 . 32 1 18 16 21 1 6 . . 10 2 2 4 Burn 1 | . . . 1 . . . . . . . . . . . . Destroy 1 | . 1 . . . . . . . . . . . . . . Smash 32 | . . . 31 1 . . . . . . . . . . . Sever 25 | . . . . . . 3 21 1 . . . . . . . Impale 31 | . . . . . 18 13 . . . . . . . . . Melee Attacks 1584 | . . . 107 14 157 162 262 23 331 2 . 272 39 30 185 Impact 121 | . . . 107 14 . . . . . . . . . . . Slashing 1162 | . . . . . . 18 262 23 331 2 . 272 39 30 185 Piercing 301 | . . . . . 157 144 . . . . . . . . . Sneak Attacks 77 | . . . 17 1 5 7 6 3 6 1 . 15 1 4 11 Combat Hostiles 24 | . . . 8 . 1 2 . . 4 . . 4 1 . 4 Follow-up Attacks 29 | . . . . . . . . . 5 . . 7 1 1 15 Damage Inflicted 97622 | 77 1751 540 5544 643 4938 6659 16302 1647 15212 129 . 20434 3362 2928 17456 Guns 2907 | 77 1751 540 539 . . . . . . . . . . . . Cannons 2971 | . . . . . . . . . . . . 563 70 94 2244 Explosions . | . . . . . . . . . . . . . . . . Melee 91744 | . . . 5005 643 4938 6659 16302 1647 15212 129 . 19871 3292 2834 15212 Ramming . | . . . . . . . . . . . . . . . . Kinetic 2368 | 77 1751 540 . . . . . . . . . . . . . Thermal 539 | . . . 539 . . . . . . . . . . . . Explosive . | . . . . . . . . . . . . . . . . Electromagnetic . | . . . . . . . . . . . . . . . . Impact 5648 | . . . 5005 643 . . . . . . . . . . . Slashing 75438 | . . . . . . 939 16302 1647 15212 129 . 19871 3292 2834 15212 Piercing 10658 | . . . . . 4938 5720 . . . . . . . . . Phasic 2971 | . . . . . . . . . . . . 563 70 94 2244 Highest Corruption 16 | . 2 2 . . . . 7 7 7 . . 16 16 16 16 Average Corruption 6 | . 2 2 . . . . 1 7 4 . . 9 16 16 5 Corruption Purged . | . . . . . . . . . . . . . . . . Corruption Blocked . | . . . . . . . . . . . . . . . . Effects 205 | . 6 3 . . . . 5 20 43 . . 59 16 19 34 Message Errors 56 | . 2 1 . . . . 1 3 13 . . 12 3 6 15 Matter Fused 42 | . 2 1 . . . . . 5 10 . . 14 2 3 5 Heat Flow Errors 23 | . 1 . . . . . . 3 4 . . 6 5 2 2 Energy Discharges 28 | . . . . . . . 2 2 5 . . 9 1 7 2 Parts Rejected 1 | . . . . . . . . . 1 . . . . . . Data Loss (minor) 29 | . 1 . . . . . 2 5 5 . . 8 3 . 5 Data Loss (major) 12 | . . . . . . . . 1 2 . . 1 2 1 5 Alerts 8 | . . 1 . . . . . 1 3 . . 3 . . . Misdirections 6 | . . . . . . . . . . . . 6 . . . Overload Shots . | . . . . . . . . . . . . . . . . Overflow Damage 9484 | . . . 1934 89 255 396 818 349 948 40 . 2141 386 215 1913 Projectiles 280 | . . . . . . . . . . . . 85 . . 195 Explosions . | . . . . . . . . . . . . . . . . Melee 9204 | . . . 1934 89 255 396 818 349 948 40 . 2056 386 215 1718 Knockbacks 19 | . . . 16 3 . . . . . . . . . . . Impact 19 | . . . 16 3 . . . . . . . . . . . Kinetic . | . . . . . . . . . . . . . . . . Secondary . | . . . . . . . . . . . . . . . . Self-Inflicted Damage . | . . . . . . . . . . . . . . . . Shots . | . . . . . . . . . . . . . . . . Rammed . | . . . . . . . . . . . . . . . . Targets Rammed . | . . . . . . . . . . . . . . . . Kicked . | . . . . . . . . . . . . . . . . Crushed . | . . . . . . . . . . . . . . . . Highest Temperature 322 | . 232 16 219 . 27 7 20 248 281 . . 255 239 158 322 Average Temperature 58 | . 61 8 52 . 2 1 6 73 37 . . 97 95 71 149 Received Heat Transfer 7977 | . 702 219 393 24 387 301 729 54 3729 . . 570 87 108 674 Siege Activations . | . . . . . . . . . . . . . . . . Martial Activations . | . . . . . . . . . . . . . . . . Shielding Activations . | . . . . . . . . . . . . . . . . Robots Disrupted 13 | . . . . . . . . . 2 . . 8 . 1 2 Combat Hostiles 13 | . . . . . . . . . 2 . . 8 . 1 2 Robots Corrupted 30 | . . . 28 2 . . . . . . . . . . . Combat Hostiles 25 | . . . 24 1 . . . . . . . . . . . Parts Fried 47 | . . . 38 3 . . . . 2 . . . . . 4 Impact Corruptions 71 | . . . 65 6 . . . . . . . . . . . Robots Melted . | . . . . . . . . . . . . . . . . Combat Hostiles . | . . . . . . . . . . . . . . . . Parts Melted 57 | . . . 2 . . . . . 44 . . 3 . 1 7 Heat Transferred 1295 | . . . 1295 . . . . . . . . . . . . Parts Sabotaged . | . . . . . . . . . . . . . . . . Parts Stolen . | . . . . . . . . . . . . . . . . Parts Stripped 55 | . . . . . . . . . . . . 18 13 6 18 Power Chain Reactions . | . . . . . . . . . . . . . . . . Alert | -11 -10 -10 -9 -9 -8 -7 -7 -7 -7 -5 -5 -5 -5 -5 -5 ------- Run | Yrd Mat Min Mat Min Mat Fac Sto Rec Scr Fac Was Fac Upp Upp War Maximum Alert Level 5 | . 3 1 4 2 4 5 5 5 . . . 5 . . . Low Security (%) 7 | 100 27 . 2 . . . . . . 100 100 6 . . . Level 1 11 | . 18 100 20 . 8 . . . . . . 8 . . . Level 2 18 | . 33 . 26 100 12 9 . . . . . 23 . . . Level 3 20 | . 20 . 25 . 45 24 12 . . . . 21 . . . Level 4 27 | . . . 24 . 33 50 24 79 . . . 22 . . . Level 5 6 | . . . . . . 16 10 20 . . . 6 . . . High Security 8 | . . . . . . . 52 . . . . 12 . . . Max Security . | . . . . . . . . . . . . . . . . Sterilizations 3 | . . . 1 . 1 . 1 . . . . . . . . Peak Influence 3618 | 5 780 387 1514 680 1393 1837 3618 1645 . 5 74 2628 . . . Initial 1410 | . . 292 128 590 241 622 833 1410 . . . 28 . . . Average 1027 | 1 406 324 743 628 933 1213 2073 1538 . 2 48 1048 . . . Influence Increases 17187 | 10 1142 235 1932 190 1612 1713 3049 385 . 5 140 3514 486 448 2326 Destroy 0b10 Robot/C 11160 | . 680 180 1100 120 1140 980 1880 180 . . . 2400 340 380 1780 Destroy 0b10 Robot/NC 330 | 10 5 . 45 5 25 45 80 10 . 5 . 70 10 . 20 Destroy Leader 1986 | . 150 40 292 20 282 236 422 . . . . 454 60 30 . Allied During Kill 247 | . . . . . . . . . . . . 132 76 38 1 Successful Hack 50 | . 12 . . . . 17 16 . . . . 5 . . . Select Force Hacks 780 | . 160 . 270 . . 30 80 180 . . . 60 . . . Disable Machine 105 | . . . 15 . . . 90 . . . . . . . . Destroy Structure 279 | . . . . . . . 1 . . . 140 138 . . . Partial Spotted 360 | . . . 60 . 15 165 75 . . . . 45 . . . Lose Combat Pursuer 1890 | . 135 15 150 45 150 240 405 15 . . . 210 . . 525 Influence Decreases 15311 | 10 392 656 747 1084 863 1249 1264 2518 1485 5 100 936 1192 586 2224 Entered New Map 10522 | . . 458 201 924 379 747 1000 2208 1485 . . 12 970 364 1774 Time Decay 4320 | 10 392 198 526 160 464 502 254 310 . 5 60 595 222 222 400 Lost Part 90 | . . . 20 . 20 . 10 . . . . 10 . . 30 Lost Ally 379 | . . . . . . . . . . . 40 319 . . 20 Squads Dispatched 120 | . 12 . 13 . 17 16 28 . . . . 33 . 1 . Investigation 43 | . 11 . 12 . 6 1 8 . . . . 4 . 1 . Extermination 14 | . . . . . . 6 3 . . . . 5 . . . Reinforcement 21 | . 1 . 1 . 6 4 2 . . . . 7 . . . Assault 32 | . . . . . 2 4 15 . . . . 11 . . . Garrison 10 | . . . . . 3 1 . . . . . 6 . . . Intercept . | . . . . . . . . . . . . . . . . Searches Triggered . | . . . . . . . . . . . . . . . . Construction Impeded . | . . . . . . . . . . . . . . . . Haulers Reinforced 2 | . . . . . . . 2 . . . . . . . . Active Scanning Responses . | . . . . . . . . . . . . . . . . Cargo Convoy Interrupts 2 | . . . . . . 1 . . . . . 1 . . . Stealth | -11 -10 -10 -9 -9 -8 -7 -7 -7 -7 -5 -5 -5 -5 -5 -5 --------- Run | Yrd Mat Min Mat Min Mat Fac Sto Rec Scr Fac Was Fac Upp Upp War Distress Signals 20 | . 3 . 3 . 2 2 5 . . . . 5 . . . Communications Jammed . | . . . . . . . . . . . . . . . . Distress Signals . | . . . . . . . . . . . . . . . . Times Spotted 1206 | . 60 10 79 8 75 86 162 12 294 . 6 168 18 15 213 Peak Tracking Total 28 | . 8 3 6 3 10 12 24 4 16 . 5 12 5 4 28 Tactical Retreats 74 | . 4 1 8 2 6 9 10 1 12 . . 10 . . 11 Traps | -11 -10 -10 -9 -9 -8 -7 -7 -7 -7 -5 -5 -5 -5 -5 -5 ------- Run | Yrd Mat Min Mat Min Mat Fac Sto Rec Scr Fac Was Fac Upp Upp War Traps Triggered 19 | . 2 . 1 . 2 . 2 . . 1 . 5 . . 6 Indirectly . | . . . . . . . . . . . . . . . . Trap Hack Attempts . | . . . . . . . . . . . . . . . . Triggered . | . . . . . . . . . . . . . . . . Disarmed . | . . . . . . . . . . . . . . . . Reprogrammed . | . . . . . . . . . . . . . . . . Reused . | . . . . . . . . . . . . . . . . Traps Extracted . | . . . . . . . . . . . . . . . . Installed . | . . . . . . . . . . . . . . . . Triggered . | . . . . . . . . . . . . . . . . Machines | -11 -10 -10 -9 -9 -8 -7 -7 -7 -7 -5 -5 -5 -5 -5 -5 ---------- Run | Yrd Mat Min Mat Min Mat Fac Sto Rec Scr Fac Was Fac Upp Upp War Machines Disabled 14 | . . . 1 . . . 6 . 4 . . . 1 . 2 Max in Single Turn 1 | . . . 1 . . . 1 . 1 . . . 1 . 1 Machines Repaired . | . . . . . . . . . . . . . . . . Machines Dismantled . | . . . . . . . . . . . . . . . . Machines Sabotaged 6 | . 2 . 3 . . . 1 . . . . . . . . Overloaded Fab Kills . | . . . . . . . . . . . . . . . . Hacking | -11 -10 -10 -9 -9 -8 -7 -7 -7 -7 -5 -5 -5 -5 -5 -5 --------- Run | Yrd Mat Min Mat Min Mat Fac Sto Rec Scr Fac Was Fac Upp Upp War Machines Accessed 64 | . 10 . 12 . 4 7 11 6 4 . . 6 3 1 . Terminals 31 | . 7 . 6 . 3 4 7 . . . . 3 . 1 . Fabricators 1 | . . . . . . . . . . . . 1 . . . Repair Stations 6 | . 1 . 2 . 1 . 2 . . . . . . . . Recycling Units 12 | . 2 . 2 . . . 2 6 . . . . . . . Scanalyzers 7 | . . . 2 . . 3 . . . . . 2 . . . Garrison Access . | . . . . . . . . . . . . . . . . Total Hacks 147 | . 17 . 20 . 5 11 23 9 39 . . 11 8 4 . Successful 95 | . 11 . 10 . 4 3 7 6 39 . . 3 8 4 . Failed 52 | . 6 . 10 . 1 8 16 3 . . . 8 . . . Catastrophic 9 | . . . 1 . 1 2 2 . . . . 3 . . . Database Lockouts . | . . . . . . . . . . . . . . . . Manual 77 | . 17 . 18 . 5 4 16 9 . . . 8 . . . Terminals 55 | . 13 . 11 . 4 5 12 . . . . 6 . 4 . Fabricators 2 | . . . . . . . . . . . . 2 . . . Repair Stations 11 | . 1 . 2 . 1 . 7 . . . . . . . . Recycling Units 20 | . 3 . 4 . . . 4 9 . . . . . . . Scanalyzers 12 | . . . 3 . . 6 . . . . . 3 . . . Garrison Access . | . . . . . . . . . . . . . . . . Terminal Hacks 58 | . 2 . . . . 1 4 . 39 . . . 8 4 . Record 47 | . . . . . . . . . 37 . . . 6 4 . Robot Analysis 2 | . 2 . . . . . . . . . . . . . . Open Door 7 | . . . . . . . 4 . 1 . . . 2 . . Branch Access Points 1 | . . . . . . 1 . . . . . . . . . Proto ID Catalog 1 | . . . . . . . . . 1 . . . . . . Fabricator Hacks . | . . . . . . . . . . . . . . . . Repair Station Hacks . | . . . . . . . . . . . . . . . . Recycling Unit Hacks . | . . . . . . . . . . . . . . . . Scanalyzer 1 | . . . . . . 1 . . . . . . . . . Retrieve Study 1 | . . . . . . 1 . . . . . . . . . Garrison Access Hacks . | . . . . . . . . . . . . . . . . Unauthorized Hacks 36 | . 9 . 10 . 4 1 3 6 . . . 3 . . . Terminals 14 | . 6 . 4 . 3 . 1 . . . . . . . . Sabotage 14 | . 6 . 4 . 3 . 1 . . . . . . . . Fabricators 1 | . . . . . . . . . . . . 1 . . . Haulers 1 | . . . . . . . . . . . . 1 . . . Repair Stations 5 | . 1 . 2 . 1 . 1 . . . . . . . . Patch 5 | . 1 . 2 . 1 . 1 . . . . . . . . Recycling Units 11 | . 2 . 2 . . . 1 6 . . . . . . . Tunnel 11 | . 2 . 2 . . . 1 6 . . . . . . . Scanalyzers 5 | . . . 2 . . 1 . . . . . 2 . . . Extract 5 | . . . 2 . . 1 . . . . . 2 . . . Garrison Access . | . . . . . . . . . . . . . . . . Data Cores Recovered 5 | . . . . . . 2 2 . . . . 1 . . . Used 3 | . . . . . . 2 1 . . . . . . . . Hacking Detections 25 | . 3 . 4 . 1 5 7 . . . . 4 . 1 . Full Trace Events 10 | . 1 . 2 . . . 4 . . . . 2 . 1 . Feedback Events . | . . . . . . . . . . . . . . . . Feedback Blocked . | . . . . . . . . . . . . . . . . Robot Schematics Acquired . | . . . . . . . . . . . . . . . . Robots Built . | . . . . . . . . . . . . . . . . Authchips . | . . . . . . . . . . . . . . . . Time . | . . . . . . . . . . . . . . . . Total Robot Build Rating . | . . . . . . . . . . . . . . . . Part Schematics Acquired 14 | . . . 4 . . 3 . . . . . 7 . . . Parts Built . | . . . . . . . . . . . . . . . . Authchips . | . . . . . . . . . . . . . . . . Time . | . . . . . . . . . . . . . . . . Total Part Build Rating . | . . . . . . . . . . . . . . . . Part Studies Acquired 1 | . . . . . . 1 . . . . . . . . . Parts Repaired . | . . . . . . . . . . . . . . . . Time . | . . . . . . . . . . . . . . . . Parts Recycled . | . . . . . . . . . . . . . . . . Recycled Matter . | . . . . . . . . . . . . . . . . Retrieved Matter . | . . . . . . . . . . . . . . . . Retrieved Components . | . . . . . . . . . . . . . . . . Parts Scanalyzed . | . . . . . . . . . . . . . . . . Part Schematics Acquired . | . . . . . . . . . . . . . . . . Parts Damaged . | . . . . . . . . . . . . . . . . Bothacking | -11 -10 -10 -9 -9 -8 -7 -7 -7 -7 -5 -5 -5 -5 -5 -5 ------------ Run | Yrd Mat Min Mat Min Mat Fac Sto Rec Scr Fac Was Fac Upp Upp War Used RIF Installer . | . . . . . . . . . . . . . . . . Robots Hacked . | . . . . . . . . . . . . . . . . Non-combat . | . . . . . . . . . . . . . . . . Combat . | . . . . . . . . . . . . . . . . Robot Hacks Applied . | . . . . . . . . . . . . . . . . Relay Couplers Released 1 | . . . . . . 1 . . . . . . . . . Programmers 1 | . . . . . . 1 . . . . . . . . . Fabnet Peak Effective % . | . . . . . . . . . . . . . . . . Robots Rewired 29 | . . . . . . . . 24 . 1 . 1 3 . . Allies Hacked 4 | . . . . . . . . . . . . 2 . 2 . Hacks Repelled . | . . . . . . . . . . . . . . . . Allies | -11 -10 -10 -9 -9 -8 -7 -7 -7 -7 -5 -5 -5 -5 -5 -5 -------- Run | Yrd Mat Min Mat Min Mat Fac Sto Rec Scr Fac Was Fac Upp Upp War Total Allies 59 | . . . . . . . . 24 11 1 19 1 3 . . Largest Group 24 | . . . . . . . . 24 23 1 20 16 3 3 3 Highest-Rated Group 751 | . . . . . . . . 464 477 49 751 651 90 90 86 Highest-Rated Ally 142 | . . . . . . . . 40 54 49 50 142 30 30 30 Total Orders 9 | . . . . . . . . 5 4 . . . . . . STAY 7 | . . . . . . . . 5 2 . . . . . . FOLLOW 1 | . . . . . . . . . 1 . . . . . . GUARD 1 | . . . . . . . . . 1 . . . . . . Ally Attacks 682 | . . . . . . . . . 456 . 125 97 . 4 . Total Damage 18777 | . . . . . . . . . 9805 . 5336 3501 . 135 . Kills 125 | . . . . . . . . . 96 . 8 20 . 1 . Allies Corrupted 2 | . . . . . . . . . . . . 2 . . . Allies Melted 20 | . . . . . . . . . 18 . . . . . 2 Intel | -11 -10 -10 -9 -9 -8 -7 -7 -7 -7 -5 -5 -5 -5 -5 -5 ------- Run | Yrd Mat Min Mat Min Mat Fac Sto Rec Scr Fac Was Fac Upp Upp War Active Infowar (turns) 15258 | 33 1129 413 1474 337 1173 1345 1177 686 2633 41 121 2155 471 473 1597 Optics 2 | . . . . . . . . . . . . . . . 2 Sensors 204 | . . . . . . . . 204 . . . . . . . Terrain 1657 | 31 1129 263 . . 234 . . . . . . . . . . Structural 7322 | . . . . . . . . . 2549 41 121 2070 471 473 1597 Seismic 9352 | 33 1129 413 1474 337 1173 1345 1177 686 1585 . . . . . . T.N.C. 151 | . . . . . . 151 . . . . . . . . . Machine Analysis 442 | . . . . . . . . . . . . 442 . . . Cloaking 1 | . . . . . . . . . . . . . . . 1 Robot Analysis Total 2 | . 2 . . . . . . . . . . . . . . Derelict Logs Recovered 5 | . . 1 . 1 . . . . . . . . 1 2 . Drone Launches . | . . . . . . . . . . . . . . . . Drone Recoveries . | . . . . . . . . . . . . . . . . Exploration | -11 -10 -10 -9 -9 -8 -7 -7 -7 -7 -5 -5 -5 -5 -5 -5 ------------- Run | Yrd Mat Min Mat Min Mat Fac Sto Rec Scr Fac Was Fac Upp Upp War Turns Passed 15288 | 62 1129 413 1474 337 1173 1345 1177 686 2633 41 121 2155 471 473 1598 Spaces Moved 26382 | 71 1475 751 1405 810 1784 3261 2080 1404 4826 128 264 3868 808 871 2576 Core 156 | 71 85 . . . . . . . . . . . . . . Treads . | . . . . . . . . . . . . . . . . Legs . | . . . . . . . . . . . . . . . . Wheels . | . . . . . . . . . . . . . . . . Hover . | . . . . . . . . . . . . . . . . Flight 26226 | . 1390 751 1405 810 1784 3261 2080 1404 4826 128 264 3868 808 871 2576 Fastest Speed 17 | 50 34 34 34 34 24 24 24 17 21 28 26 26 37 37 32 Average Speed 29 | 56 35 34 34 34 26 24 24 24 25 28 27 31 37 37 34 Slowest Speed 100 | 100 50 34 34 34 34 27 27 83 28 28 28 37 37 37 37 Overloaded Moves 190 | . . . . . . . . 7 123 . . 60 . . . Propulsion Burnouts . | . . . . . . . . . . . . . . . . Robots Hopped 243 | . 32 5 14 6 48 23 30 17 2 . . 42 . . 24 Potential Cave-ins 1 | . . . . . . . . . 1 . . . . . . Cave-ins Triggered . | . . . . . . . . . . . . . . . . Exploration Rate (%) 81 | 3 97 99 96 98 98 75 96 97 94 4 88 84 95 92 89 Regions Visited 15 Branch Regions 8 Pre-discovered Areas 18 | . 2 1 2 . . . 1 6 5 . . . . 1 . Known Exits Taken 5 | . . . . . . 1 . . 1 . . 1 1 1 . Unknown Exits Taken 8 | 1 1 1 1 1 1 . 1 1 . . . . . . . Scrap Searched 15 | . . 1 . 2 . . . . 6 . . . 1 5 . Spaces Dug 11 | . . . . . . . 1 . 2 . . 2 . . 6 Terrain Destroyed 11 | . . . . . . . 1 . 2 . . 2 . . 6 Melee 11 | . . . . . . . 1 . 2 . . 2 . . 6 Projectile . | . . . . . . . . . . . . . . . . AOE . | . . . . . . . . . . . . . . . . Terrain Rammed . | . . . . . . . . . . . . . . . . Walls Destroyed . | . . . . . . . . . . . . . . . . Machines Disabled . | . . . . . . . . . . . . . . . . Actions | -11 -10 -10 -9 -9 -8 -7 -7 -7 -7 -5 -5 -5 -5 -5 -5 --------- Run | Yrd Mat Min Mat Min Mat Fac Sto Rec Scr Fac Was Fac Upp Upp War Total 32400 | 82 1883 855 2124 835 2259 3700 2593 1722 6074 132 309 4644 970 1012 3206 Wait 2858 | . 202 51 499 9 278 172 158 101 583 . 41 272 46 109 337 Move 25939 | 70 1411 740 1379 797 1707 3216 2028 1373 4822 128 263 3787 807 870 2541 Hop 185 | . 31 5 11 6 28 21 20 13 1 . . 38 . . 11 Pick Up 51 | . 4 . 3 . 4 6 7 3 16 . . 8 . . . Fast Attach 59 | 4 6 1 3 . 10 3 1 2 7 . 2 10 . . 10 Attach 2 | . . . . . . . 1 . 1 . . . . . . Detach 4 | . . . . . . 1 . . 2 . . 1 . . . Swap 75 | . 2 2 6 2 7 14 9 . 3 . . 19 . . 11 Drop 71 | . 4 1 3 . 5 8 9 2 19 . . 14 . . 6 Fire 256 | 8 157 46 45 . . . . . . . . . . . . Melee 1550 | . . . 107 14 157 162 262 23 326 2 . 261 37 29 170 Ram . | . . . . . . . . . . . . . . . . Kick . | . . . . . . . . . . . . . . . . Crush . | . . . . . . . . . . . . . . . . Escape Stasis 16 | . . . . . . . 1 . . . . 15 . . . Rewire 237 | . . . . . . . . 173 . 2 . 26 36 . . Trap . | . . . . . . . . . . . . . . . . Miscellaneous 1097 | . 66 9 68 7 63 97 97 32 294 . 3 193 44 4 120 Route ------- -11/Scrapyard -10/Materials (discovered 5 exits: *Mat x3 / [*Min] / [*Sub]) -10/Mines (discovered 3 exits: *Mat x2 / [*Exi]) -9/Materials (discovered 4 exits: *Mat x3 / [*Min]) -9/Mines (discovered 2 exits: *Mat x2) -8/Materials (discovered 3 exits: *Fac x3) -7/Factory (discovered 8 exits: [*Fac x4] / *Sto x2 / *Low x2) -7/Storage (discovered 2 exits: [*Fac] / *Rec) -7/Recycling (discovered 2 exits: *Fac / *Scr) -7/Scraptown (discovered 2 exits: *Fac x2) -5/Factory -5/Waste -5/Factory (discovered 4 exits: *Fac x3 / *Upp) -5/Upper Caves -5/Upper Caves (discovered 2 exits: *Fac / *War) -5/Warlord (discovered 1 exit: *Pro) History --------- Turn | Location | Event 1 | -11/Scrapyard | Upgraded with Propulsion slot (x2) 1 | -11/Scrapyard | Upgraded with Utility slot (x2) 6 | -11/Scrapyard | Discovered new exit (range 16) 63 | -11/Scrapyard | Entered Materials 115 | -10/Materials | Discovered new exit (range 5) 162 | -10/Materials | Discovered new exit (range 9) 221 | -10/Materials | Discovered new exit (range 7) 240 | -10/Materials | Discovered new exit (range 16) 407 | -10/Materials | Discovered new exit (range 9) 473 | -10/Materials | Reached level 2 581 | -10/Materials | Build established: Scavenger-Mutant 647 | -10/Materials | Reached level 3 897 | -10/Materials | Reached level 4 1155 | -10/Materials | Upgraded with Utility slot (x2) 1192 | -10/Materials | Entered Mines 1285 | -10/Mines | Received a Rocket Launcher from a helpful Derelict 1298 | -10/Mines | Discovered new exit (range 2) 1316 | -10/Mines | Discovered new exit (range 7) 1374 | -10/Mines | Reached level 5 1440 | -10/Mines | Deemed a non-threat by the Exiles lab entrance 1440 | -10/Mines | Discovered new exit (range 5) 1448 | -10/Mines | Joined a pair of Derelicts in attacking an 0b10 outpost 1452 | -10/Mines | Upgraded with Utility slot (x1) 1605 | -10/Mines | Entered Materials 1607 | -9/Materials | Reached level 6 1650 | -9/Materials | Upgraded with Utility slot (x1) 1767 | -9/Materials | Reached level 7 1824 | -9/Materials | Discovered new exit (range 15) 1863 | -9/Materials | Discovered new exit (range 16) 2072 | -9/Materials | Reached level 8 2074 | -9/Materials | Discovered new exit (range 10) 2281 | -9/Materials | Discovered new exit (range 15) 2570 | -9/Materials | Reached level 9 2989 | -9/Materials | Reached level 10 3027 | -9/Materials | Sterilization system engaged 3027 | -9/Materials | Non-combat units ordered to evacuate 3079 | -9/Materials | Entered Mines 3091 | -9/Mines | Met a Derelict bent on vengeance 3189 | -9/Mines | Found a Scrap Suit stashed away for nefarious purposes 3203 | -9/Mines | A weapon hastily lodged in a ceiling crevice suddenly fell to the ground 3237 | -9/Mines | Discovered new exit (range 8) 3258 | -9/Mines | Discovered new exit (range 13) 3416 | -9/Mines | Entered Materials 3418 | -8/Materials | Reached level 11 3439 | -8/Materials | Garrison activated, responded to threat 3477 | -8/Materials | Core integrity fell below 50% 3540 | -8/Materials | Upgraded with Propulsion slot (x1) 3540 | -8/Materials | Upgraded with Utility slot (x1) 3556 | -8/Materials | Reached level 12 3576 | -8/Materials | Core integrity fell below 20% 3628 | -8/Materials | Destroyed 7 combat bots 3824 | -8/Materials | Discovered new exit (range 16) 3866 | -8/Materials | Build established: Scavenger-Sprinter 3983 | -8/Materials | Reached level 13 4031 | -8/Materials | Upgraded with Propulsion slot (x1) 4031 | -8/Materials | Upgraded with Utility slot (x1) 4216 | -8/Materials | First assault squad dispatched 4354 | -8/Materials | Discovered new exit (range 3) 4364 | -8/Materials | Sterilization system engaged 4364 | -8/Materials | Non-combat units ordered to evacuate 4464 | -8/Materials | Combat units ordered to evacuate 4490 | -8/Materials | Discovered new exit (range 12) 4589 | -8/Materials | Entered Factory 4590 | -7/Factory | Identified exit to Lower Caves 4591 | -7/Factory | Reached level 14 4598 | -7/Factory | Identified exit to Storage 4623 | -7/Factory | Discovered new exit (range 6) 4750 | -7/Factory | Reached level 15 5152 | -7/Factory | Reached level 16 5154 | -7/Factory | Upgraded with Utility slot (x1) 5173 | -7/Factory | Destroyed 7 combat bots 5221 | -7/Factory | Discovered new exit (range 14) 5317 | -7/Factory | Discovered new exit (range 15) 5389 | -7/Factory | First assault squad dispatched 5393 | -7/Factory | Discovered new exit (range 6) 5644 | -7/Factory | Cargo convoy interrupted 5685 | -7/Factory | Garrison activated, responded to threat 5715 | -7/Factory | Found Prototype Processor 5715 | -7/Factory | Identified Exp. Targeting Computer 5721 | -7/Factory | Destroyed 7 combat bots 5934 | -7/Factory | Entered Storage 5994 | -7/Storage | Reached level 17 6022 | -7/Storage | Used back door to open Recycling access 6022 | -7/Storage | Discovered new exit (range 4) 6114 | -7/Storage | Discovered new exit (range 5) 6150 | -7/Storage | Destroyed 12 combat bots 6189 | -7/Storage | Found Prototype Protection 6189 | -7/Storage | Identified Lgt. Regenerative Plating 6334 | -7/Storage | First assault squad dispatched 6489 | -7/Storage | High security lockdown imminent 6515 | -7/Storage | Reached level 18 6557 | -7/Storage | Destroyed 10 combat bots 6569 | -7/Storage | High security lockdown engaged 6738 | -7/Storage | Destroyed 7 combat bots 6867 | -7/Storage | Sterilization system engaged 6867 | -7/Storage | Non-combat units ordered to evacuate 6900 | -7/Storage | Destroyed 22 combat bots 6967 | -7/Storage | Combat units ordered to evacuate 7009 | -7/Storage | Core integrity fell below 50% 7089 | -7/Storage | Destroyed 17 combat bots 7111 | -7/Storage | Entered Recycling 7188 | -7/Recycling | Scanned before Scraplab entrance 7329 | -7/Recycling | Discovered new exit (range 12) 7360 | -7/Recycling | Reached level 19 7422 | -7/Recycling | Upgraded with Utility slot (x1) 7722 | -7/Recycling | Entered Scraplab 7724 | -7/Recycling | Discovered new exit (range 3) 7797 | -7/Recycling | Entered Scraptown 7797 | -7/Scraptown | Accompanied by 23 allies 7798 | -7/Scraptown | System corruption cleaned by C-Scrubber 7815 | -7/Scraptown | Visited UFD Registry 7815 | -7/Scraptown | Registered with UFD as "Quantumforce" 7822 | -7/Scraptown | Visited Sword Containment 7825 | -7/Scraptown | Found Prototype Slashing Weapon 7825 | -7/Scraptown | Identified Companion Sword 7836 | -7/Scraptown | Visited Cartography Club 7872 | -7/Scraptown | Learned location of Zion (-6) 7872 | -7/Scraptown | Learned location of Recycling (-7) 7872 | -7/Scraptown | Learned location of Hub_04(d) (-4) 7872 | -7/Scraptown | Learned 8 Materials zone layouts 7872 | -7/Scraptown | Learned 8 Research zone layouts 7872 | -7/Scraptown | Learned 8 Lower Caves zone layouts 7872 | -7/Scraptown | Learned 24 Upper Caves zone layouts 7872 | -7/Scraptown | Learned 8 Proximity Caves zone layouts 7872 | -7/Scraptown | Learned 12 Proximity Caves zone layouts 7872 | -7/Scraptown | Learned 16 Proximity Caves zone layouts 7872 | -7/Scraptown | Learned 4 Hub_04(d) zone layouts 7872 | -7/Scraptown | Learned location of 2 exits from Upper Caves 7872 | -7/Scraptown | Learned Factory emergency access door positions 7872 | -7/Scraptown | Learned location of 3 exits from Upper Caves 7872 | -7/Scraptown | Identified exit to Factory 7872 | -7/Scraptown | Learned location of 3 exits from Proximity Caves 7875 | -7/Scraptown | Found Deep Structural Scanner 7885 | -7/Scraptown | Visited Curators Association 7895 | -7/Scraptown | Visited Observation Area 7904 | -7/Scraptown | Visited Scrapoid Research Area 7908 | -7/Scraptown | Visited Derelict Rescue Squad 7911 | -7/Scraptown | Visited Scrap Suit Storage 7921 | -7/Scraptown | Visited Botcube Research 7934 | -7/Scraptown | Build established: Commander-Sprinter 7952 | -7/Scraptown | Visited Science Guys 7960 | -7/Scraptown | Visited Scrapoid Pod Storage 7981 | -7/Scraptown | Visited SPCMW 7988 | -7/Scraptown | Visited Junk Repository 7993 | -7/Scraptown | Visited CR-KLE's Repair Center 8001 | -7/Scraptown | Visited The Evicted 8004 | -7/Scraptown | Visited Spacefarers 8006 | -7/Scraptown | Visited Red Mages 8411 | -7/Scraptown | Met Optimus 8411 | -7/Scraptown | Accepted into 0bPrime 8493 | -7/Scraptown | Civil war broke out across Scraptown 8571 | -7/Scraptown | Destroyed 8 combat bots 8590 | -7/Scraptown | Lost 17 allies 8698 | -7/Scraptown | Lost 3 allies 8787 | -7/Scraptown | Lost 5 allies 8871 | -7/Scraptown | Destroyed 13 combat bots 8904 | -7/Scraptown | Lost 4 allies 9032 | -7/Scraptown | Lost 3 allies 9035 | -7/Scraptown | Core integrity fell below 20% 9073 | -7/Scraptown | Lost 4 allies 9131 | -7/Scraptown | Optimus destroyed in the chaos of civil war 9166 | -7/Scraptown | Build established: Scavenger-Sprinter 9202 | -7/Scraptown | Lost 5 allies 9271 | -7/Scraptown | Destroyed 8 combat bots 9342 | -7/Scraptown | Lost 6 allies 9387 | -7/Scraptown | Destroyed 8 combat bots 9391 | -7/Scraptown | Botcube activated 9397 | -7/Scraptown | Found Scrapoid Pod 9490 | -7/Scraptown | Lost 3 allies 9580 | -7/Scraptown | Scrapoid Pod released 07S06-D (x5) 9591 | -7/Scraptown | Found Scrapoid Pod 9753 | -7/Scraptown | Scrapoid Pod released 07S11-D (x5) 9815 | -7/Scraptown | Destroyed 11 combat bots 9816 | -7/Scraptown | Lost 4 allies 9910 | -7/Scraptown | Destroyed 8 combat bots 9913 | -7/Scraptown | Build established: Sprinter 9954 | -7/Scraptown | Lost 8 allies 10037 | -7/Scraptown | Destroyed 9 combat bots 10233 | -7/Scraptown | Build established: Scavenger-Sprinter 10310 | -7/Scraptown | Lost 14 allies 10428 | -7/Scraptown | Lost 5 allies 10430 | -7/Scraptown | Entered Factory 10431 | -5/Factory | Identified exit to Factory 10432 | -5/Factory | Reached level 20 10471 | -5/Factory | Sucked down chute 10471 | -5/Factory | Entered Waste 10473 | -5/Waste | Spotted C-40 Crusher 10481 | -5/Waste | 1 allies followed down the chute 10491 | -5/Waste | Warlord forces began an assault 10501 | -5/Waste | Spotted C-40 Crusher 10507 | -5/Waste | Spotted C-40 Crusher 10507 | -5/Waste | Spotted C-40 Crusher 10507 | -5/Waste | Spotted C-40 Crusher 10521 | -5/Waste | Allies destroyed C-40 Crusher 10524 | -5/Waste | Spotted C-40 Crusher 10527 | -5/Waste | Allies destroyed C-40 Crusher 10534 | -5/Waste | Discovered new exit (range 13) 10565 | -5/Waste | Lost 4 allies 10592 | -5/Waste | Entered Factory 10592 | -5/Factory | Accompanied by 16 allies 10705 | -5/Factory | Core integrity fell below 50% 10801 | -5/Factory | Reached level 21 10837 | -5/Factory | Destroyed 7 combat bots 10852 | -5/Factory | Lost 8 allies 10974 | -5/Factory | Discovered exit to Factory (range 9) 11057 | -5/Factory | Build established: Sprinter 11155 | -5/Factory | Reached level 22 11159 | -5/Factory | Upgraded with Utility slot (x1) 11234 | -5/Factory | Discovered exit to Factory (range 10) 11259 | -5/Factory | Discovered exit to Factory (range 18) 11443 | -5/Factory | Cargo convoy interrupted 11486 | -5/Factory | Core integrity fell below 20% 11525 | -5/Factory | Found Prototype Processor 11525 | -5/Factory | Identified Exp. Signal Interpreter 11528 | -5/Factory | Found Prototype Processor 11531 | -5/Factory | Found Prototype Processor 11541 | -5/Factory | Identified Exp. Melee Analysis Suite (x2) 11552 | -5/Factory | System corruption reached 10% 11553 | -5/Factory | Forged Quantum Companion 11618 | -5/Factory | Found Prototype Device 11618 | -5/Factory | Identified Exp. EM Shield 11627 | -5/Factory | Found Exp. Signal Interpreter 11792 | -5/Factory | First assault squad dispatched 12001 | -5/Factory | Reached level 23 12072 | -5/Factory | Spotted B-75 Beast 12243 | -5/Factory | Garrison activated, responded to threat 12408 | -5/Factory | Destroyed 11 combat bots 12488 | -5/Factory | High security lockdown imminent 12509 | -5/Factory | Destroyed 15 combat bots 12534 | -5/Factory | Reached level 24 12568 | -5/Factory | High security lockdown engaged 12581 | -5/Factory | Destroyed B-75 Beast 12705 | -5/Factory | Discovered new exit (range 8) 12746 | -5/Factory | Identified exit to Upper Caves 12747 | -5/Factory | Entered Upper Caves 12748 | -5/Upper Caves | Identified exit to Upper Caves 12763 | -5/Upper Caves | Entered an active Warlord outpost 12767 | -5/Upper Caves | Learned location of 1 exit from Research 12767 | -5/Upper Caves | Learned Factory emergency access door positions 12767 | -5/Upper Caves | Learned Armory terminal intel 12835 | -5/Upper Caves | Attacked by a delusional Derelict stockpiling Unaware 12893 | -5/Upper Caves | Spotted B-75 Beast 12915 | -5/Upper Caves | Destroyed B-75 Beast 13049 | -5/Upper Caves | Build established: Mutant 13218 | -5/Upper Caves | Entered another Upper Caves area 13218 | -5/Upper Caves | Accompanied by 3 allies 13219 | -5/Upper Caves | Identified exit to Warlord 13314 | -5/Upper Caves | Attracted the attention of an 0b10 checkpoint 13378 | -5/Upper Caves | Attracted the attention of an 0b10 base 13400 | -5/Upper Caves | Learned Extension security intel 13400 | -5/Upper Caves | Learned Factory trap positions 13412 | -5/Upper Caves | Destroyed 7 combat bots 13516 | -5/Upper Caves | Learned 4 Factory zone layouts 13691 | -5/Upper Caves | Entered Warlord 13691 | -5/Warlord | Accompanied by 3 allies 13692 | -5/Warlord | Identified exit to Proximity Caves 13743 | -5/Warlord | Opened side exit 13903 | -5/Warlord | System corruption cleaned by Quarantine Array 13918 | -5/Warlord | Warlord's base attacked by MAIN.C 13946 | -5/Warlord | Rebuked by Warlord 14084 | -5/Warlord | Reached level 25 14085 | -5/Warlord | Upgraded with Utility slot (x1) 14117 | -5/Warlord | Destroyed 12 combat bots 14202 | -5/Warlord | Warlord forces counterattacked 14223 | -5/Warlord | Found Prototype Device 14223 | -5/Warlord | Identified Exp. Cloaking Device 14229 | -5/Warlord | Found Prototype Device 14229 | -5/Warlord | Identified Thermal Barrier 14253 | -5/Warlord | Spotted Striker 14269 | -5/Warlord | Destroyed Striker 14274 | -5/Warlord | Spotted Executioner 14291 | -5/Warlord | Destroyed Executioner 14293 | -5/Warlord | Found Prototype Processor 14293 | -5/Warlord | Identified Exp. Core Analyzer 14310 | -5/Warlord | Lost 4 allies 14312 | -5/Warlord | Destroyed 8 combat bots 14330 | -5/Warlord | Spotted Executioner 14344 | -5/Warlord | Destroyed Executioner 14359 | -5/Warlord | Found Prototype Device 14359 | -5/Warlord | Identified Adv. Kinecellerator 14375 | -5/Warlord | Destroyed 8 combat bots 14418 | -5/Warlord | Spotted Striker 14424 | -5/Warlord | Destroyed Striker 14518 | -5/Warlord | Spotted Striker 14518 | -5/Warlord | Spotted Striker 14528 | -5/Warlord | Destroyed Striker 14551 | -5/Warlord | Destroyed 8 combat bots 14593 | -5/Warlord | Warlord base infiltrated, sounded retreat 14618 | -5/Warlord | Spotted Striker 14622 | -5/Warlord | Spotted Striker 14665 | -5/Warlord | Destroyed 7 combat bots 14673 | -5/Warlord | Lost 4 allies 14802 | -5/Warlord | Destroyed 5F-ECT(K) 14803 | -5/Warlord | Attacked by Warlord forces 14805 | -5/Warlord | Spotted KR-CV0(K) 14805 | -5/Warlord | Destroyed KR-CV0(K) 14808 | -5/Warlord | Found Exp. Melee Analysis Suite 14830 | -5/Warlord | Spotted Striker 14837 | -5/Warlord | Destroyed Striker 14912 | -5/Warlord | Destroyed 9 combat bots 14930 | -5/Warlord | Spotted Executioner 14931 | -5/Warlord | Spotted Striker 14957 | -5/Warlord | Destroyed Striker 14974 | -5/Warlord | Destroyed Executioner 15007 | -5/Warlord | Spotted Striker 15021 | -5/Warlord | Spotted Executioner 15028 | -5/Warlord | Destroyed 10 combat bots 15035 | -5/Warlord | Destroyed Striker 15151 | -5/Warlord | Spotted Striker 15156 | -5/Warlord | Destroyed Striker 15259 | -5/Warlord | Spotted Striker 15281 | -5/Warlord | Spotted Striker 15287 | -5/Warlord | Spotted Executioner 15289 | -5/Warlord | Destroyed by B-60 Warrior with Heavy Mace Last Messages --------------- squad, with prototype support. 15237_ Slug penetrates Wall. 15237_ G-50 Soldier destroyed. Quantum Companion: "Good times." 15239_ PJHHLA JJD,U 15267_ B-74 Champion suffers critical hit (Destroy). 15272_ Penetrated by Slug. 15272_ Slug penetrates Wall. 15274_ H-66 Slayer destroyed. 15276_ Exp. Reaction Control System destroyed. The surroundings shift and blur. 15282_ Upgraded: Core Integrity (+50) 15286_ TB05WZSU0MS&,NLFARFMHO5DPHEDQ, 45R Map ----- +----------------------------------------------------+ | | | | | | | | | | | | | | | | | | | | | | | | | | | | | | | | | | | | | | | ?????????#####################???????????????? | | ###############################??????????????? | | ###############################??????????????? | | ##################### # #####??????????????? | | #############X#######;;;;;#####??????????????? | | gbK ;####??????????????? | | " mlg@;#####?????????????? | | ####"############;;;;bE=#####?????????????? | | ################# #%g;#####??############ | | ^##################### ######?############# | | %* #################### g# ################## | | % #########????#######; ;################### | | %[ ####?????????#### ##; ;###########*"##*=## | | =* ####?????????#####"# = "#########%!%##%!!% | | ###########??###### "########=/*[%!!=!= | | ###########??#####" =[!/"#######!%!=/>=%=== | | ###########???####" !!=*=######!*[!/=!!%*== | | ## ""####???##### *%[=*######=*[*%!%*[*## | | ##!!!""####???#####; %=%% ####%*![=!=%##%# | | + ""####???#### ;; %%%/* ####[=%==%##### | | ##!!!""####???##### ; !! |!#####*!==%##### | | ###########???####### ;%!!==#####%!=####### | | ###########???########%[! !*=#%=%!!%####### | | ############?########="=*=[[!%![*[!%!*#### | | #############??########!#!/=!==!=###=%! ### | | ######""####????#########%!%!%%=# #%%= ## | | #######""####?????#######"#=%=%%%# "=[ ## | | #######""########?###### ##" %[=/* %%[ ### | | "######""############## ####" [%%=#"!= # # | | % "######""###################"" != #" *!""# | | #######""################## = !### %[## | +----------------------------------------------------+ Best States ------------- Heat Dissipation 74 Energy Generation 49 Energy Capacity 500 Matter Stores 300 Matter Capacity 300 Sight Range 16 Robot Scan Range 15 Terrain Scan Range 16 Terrain Scan Density 10 Additional Mass Support 12 Armor Coverage 375 Resistance: KI 20 Resistance: TH 50 Resistance: EM 75 Power Shielding 33 Propulsion Shielding 66 Utility Shielding 33 Melee Speed Boost 40 Phase Shifting 15 Evasion (%) 79 Targeting Accuracy 12 Melee Accuracy 56 Target Analysis 5 Core Analysis 11 Armor Integrity Analysis 40 Kinecelleration 50 Force Boost 20 Item Schematics ----------------- Hcp. Matter Pod | -9/Materials | Extracted Weapon Shielding | -9/Materials | Extracted ECM Suite | -9/Materials | Extracted Targeting Computer | -9/Materials | Extracted Concussive RPG | -7/Factory | Extracted Adv. ECM Suite | -7/Factory | Extracted Gauss Rifle | -7/Factory | Extracted Imp. Gravmag System | -5/Factory | Extracted Imp. Field Recycling Unit | -5/Factory | Extracted Com. Wheel | -5/Factory | Extracted Hvy. Flak Cannon | -5/Factory | Extracted Hpw. Shock Rifle | -5/Factory | Extracted Launcher Loader | -5/Factory | Extracted Imp. Shield Generator | -5/Factory | Extracted Robot Schematics ------------------ None Fabricated ------------ Nothing Repaired ---------- Nothing Studied --------- Mic. Nuclear Core | -7/Factory | Hacked Alien Tech Used ----------------- None Achievements -------------- Friends Forever Insider Info Link The Feds Uncivil War Challenges ------------ None RPGLIKE | -11 -10 -10 -9 -9 -8 -7 -7 -7 -7 -5 -5 -5 -5 -5 -5 --------- Run | Yrd Mat Min Mat Min Mat Fac Sto Rec Scr Fac Was Fac Upp Upp War Levels Raised 24 | . 3 1 5 . 3 3 2 1 . 1 . 4 . . 1 XP Earned 40288 | 3000 5084 1413 7269 401 4883 4481 3092 440 117 1500 189 5865 412 418 1724 XP Spent 38835 | 2700 3250 2300 4710 . 7900 3650 1350 3200 . . 1050 4325 . . 4400 Upgrades 49 | 5 5 2 9 . 5 2 2 1 . . 1 12 . . 5 Propulsion Slot 4 | 2 . . . . 2 . . . . . . . . . . Utility Slot 12 | 2 2 1 1 . 2 1 . 1 . . . 1 . . 1 Core Integrity 15 | . . . . . . . . . . . . 11 . . 4 Heat Dissipation 3 | . . . 3 . . . . . . . . . . . . Energy Generation 4 | . . . 1 . . . 2 . . . 1 . . . . Mass Support 2 | 1 . 1 . . . . . . . . . . . . . Inventory Capacity 3 | . 1 . . . 1 1 . . . . . . . . . Melee Accuracy 6 | . 2 . 4 . . . . . . . . . . . . Protomatter Created 12459 | . 576 72 632 49 717 1100 1923 380 2935 . . 1700 336 239 1800 Integrity Restored 22767 | . 1373 192 1184 118 1271 1864 1904 684 6401 . 69 4200 857 72 2578 Core 18496 | . 1111 192 901 51 855 1223 1436 460 5384 . 69 3877 558 60 2319 Parts 4271 | . 262 . 283 67 416 641 468 224 1017 . . 323 299 12 259 Protomatter Decayed 22452 | . 9 . 165 4 159 300 771 88 18919 . 87 496 18 159 1277 Game ------ Seed BeamFusionCarapace Manual? 1 Play Time 03:54:39 Cumulative 643.8 hours Start 2026.07.06 @ 13:09:12 End 2026.07.07 @ 08:08:25 Sessions 5 Manual Loads 0 Difficulty Rogue Special Mode Winter2019/RPGLIKE Game No. 257 Rogue 103 Adventurer 154 Explorer 0 Win Type - Total 21 Types 4/4/4/3/2/1/0/1/1/1 Lore% 95 Gallery% 88 Achievement% 64 Wizard Run 0 Options --------- Layout 0 ASCII 0 Keyboard 0 Movement Numpad Keybinds 0 Fullscreen 2 Font 18/SmallcapsGlow Map View 76x50 Zoom Use 0% Tactical HUD 1 Map Filters NONE Filters NONE Steam 1 RUN: 97618196-2331-4f44-b288-2b1c72d83a46